 Dungeon Crawl Stone Soup version 0.26-a0-964-g69f9a3b9e2 (webtiles) character file.

Game seed: 73994849980774604

11672 lunkers the Brawler (level 11, -6/104 HPs)
             Began as a Ghoul Fighter on Dec 2, 2020.
             Was a High Priest of Wu Jian.
             Mangled by a five-headed hydra (12 damage)
             ... on level 2 of the Lair of Beasts.
             The game lasted 00:13:43 (10443 turns).

lunkers the Brawler (Ghoul Fighter)                Turns: 10443, Time: 00:13:44

Health: -6/104     AC:  9    Str: 24    XL:     11   Next: 81%
Magic:  10/10      EV: 10    Int:  9    God:    Wu Jian [*****.]
Gold:   665        SH:  0    Dex: 14    Spells: 10/10 levels left

rFire    . . .     SeeInvis .     - Unarmed
rCold    + . .     Faith    .   (no shield)
rNeg     + + +     Spirit   .   D - +3 ring mail
rPois    ∞         Reflect  .   q - +0 helmet
rElec    .         Harm     .   (no cloak)
rCorr    .         Rampage  .   (no gloves)
MR       .....                  (no boots)
Stlth    +.........             (no amulet)
HPRegen  0.00/turn              r - +6 ring of dexterity
MPRegen  0.12/turn              t - +6 ring of intelligence

@: about to teleport
A: rotting body, claws 1, cold resistance 1, negative energy resistance 3,
inhibited regeneration, torment resistance, unbreathing
a: Wall Jump, Serpent's Lash, Heavenly Storm, Renounce Religion


You were on level 2 of the Lair of Beasts.
You worshipped Wu Jian.
Wu Jian was extremely pleased with you.
You visited 2 branches of the dungeon, and saw 12 of its levels.

You collected 665 gold pieces.

Inventory:

Armour
 a - a +0 scale mail
 b - a +0 kite shield
 q - a +0 helmet (worn)
 D - a +3 ring mail (worn)
Jewellery
 r - a +6 ring of dexterity (left claw)
 t - a +6 ring of intelligence (right claw)
 x - an uncursed ring of ice
 K - an uncursed ring of resist corrosion {unknown}
Wands
 u - a wand of iceblast (7)
 v - a wand of random effects (19)
 y - a wand of acid (10)
 E - a wand of disintegration (32)
 J - a wand of paralysis (6)
 L - a wand of flame (21)
Scrolls
 d - 2 scrolls of magic mapping {unknown}
 e - a scroll of fog {unknown}
 f - a scroll of blinking {unknown}
 g - 7 scrolls of teleportation
 h - a scroll of immolation {unknown}
 j - 7 scrolls of remove curse
 k - 5 scrolls of fear {unknown}
 m - a scroll of enchant armour {unknown}
 n - a scroll of noise {unknown}
 o - 8 scrolls of identify {unknown}
 s - 3 scrolls of random uselessness {unknown}
 C - a scroll of enchant weapon {unknown}
 F - a scroll of vulnerability {unknown}
 H - a scroll of summoning {unknown}
 I - a scroll of holy word {unknown}
Potions
 c - 5 potions of might
 i - 6 potions of haste {unknown}
 l - a potion of flight {unknown}
 z - a potion of attraction {unknown}
 A - 2 potions of lignification {unknown}
 B - a potion of heal wounds {unknown}
 G - a potion of mutation {unknown}
Miscellaneous
 w - a box of beasts


   Skills:
 + Level 11.9 Fighting
 - Level 2.6 Armour
 - Level 2.6 Shields
 * Level 15.6 Unarmed Combat


You had 10 spell levels left.
You didn't know any spells.
Your spell library contained the following spells:

 Spells                   Type           Power        Failure   Level
 Corona                   Hex            #......      52%         1
 Slow                     Hex            #.......     67%         2
 Inner Flame              Hex/Fire       #.......     88%         3
 Portal Projectile        Hex/Tloc       #.....       88%         3
 Cause Fear               Hex            #.........   99%         4
 Leda's Liquefaction      Hex/Erth       #.........   99%         4


Dungeon Overview and Level Annotations

Branches:
Dungeon (10/15)            Temple (0/1) D:6            Lair (1/6) D:9
 Shoals (0/4) Lair:2          Orc (0/2) D:9

Altars:
Ashenzari
Cheibriados
Dithmenos
Gozag
Makhleb
Nemelex Xobeh
Okawaru
Qazlal
Trog
Uskayaw
Wu Jian
Xom
Zin

Shops:
D:4 (   D:5 :   D:7 }   D:9 =


Innate Abilities, Weirdness & Mutations

Your body is rotting away.
You thrive by killing the living.
You are immune to poison.
You have sharp fingernails.
Your flesh is cold resistant. (rC+)
You are immune to negative energy. (rN+++)
You do not regenerate when monsters are visible.
You are immune to unholy pain and torment.
You can survive without breathing.


Message History

The five-headed hydra bites you but does no damage.
The bullfrog hits you.
* * * LOW HITPOINT WARNING * * *
The wyvern bites you!
* * * LOW HITPOINT WARNING * * *
The black mamba bites you!
* * * LOW HITPOINT WARNING * * *
The scorpion stings you.
* * * LOW HITPOINT WARNING * * *
You feel better.
A water moccasin comes into view.
The black mamba barely misses you.
The bullfrog hits you but does no damage.
The five-headed hydra barely misses you.
The five-headed hydra bites you but does no damage.
The five-headed hydra bites you!
* * * LOW HITPOINT WARNING * * *
The five-headed hydra bites you but does no damage.
The five-headed hydra bites you!
You die...

#.....PS.........
.PP..............
P...P............
P.....P.P........
....P..PS........
....}..P..P....>.
....>.slP.P......
.PP..)P@P...P#
P.P.P.SDF.P.##
....P........#
PP....PPP...##
....PP.P...(.#
#.......#...##
.......#....#
#.....? ....#
##.... ....


You could see a five-headed hydra, a black mamba, 2 water moccasins, a wyvern, a
bullfrog and a scorpion.

Vanquished Creatures
  Harold (D:9)
  A centaur warrior (D:10)
  Pikel (D:8)
  A gargoyle (D:10)
  A cane toad (Lair:1)
  A kobold demonologist (D:10)
  2 komodo dragons (Lair:1)
  3 trolls
  A polar bear (Lair:1)
  A wyvern (D:9)
  A vampire (D:10)
  12 yaks
  3 wargs (D:9)
  3 ice beasts (D:9)
  A sky beast (D:9)
  A black bear (D:9)
  A phantom (D:9)
  4 ogres
  8 centaurs
  9 wolves (Lair:1)
  A lemure (D:8)
  A gnoll sergeant (D:9)
  5 bullfrogs
  A wyvern zombie (D:10)
  A water moccasin zombie (D:10)
  2 scorpions
  4 wights (D:8)
  15 killer bees
  A howler monkey (D:9)
  A quasit (D:7)
  4 jellies
  4 orc priests
  2 bullfrog zombies
  2 hounds (D:9)
  A bullfrog skeleton (D:6)
  A centaur skeleton (D:7)
  Ijyb (D:4)
  11 orc wizards
  3 iguanas
  7 worker ants
  A killer bee zombie (D:10)
  A howler monkey zombie (D:6)
  A worker ant zombie (D:9)
  7 gnolls
  14 adders
  2 howler monkey skeletons
  3 shadow imps
  7 white imps
  2 ufetubi
  An ooze (D:6)
  2 dart slugs
  4 leopard geckos
  52 orcs
  6 bats
  2 giant cockroaches
  19 goblins
  8 hobgoblins
  12 jackals
  8 kobolds
  4 quokkas
  4 frilled lizards
  2 jackal skeletons (D:4)
  A leopard gecko zombie (D:7)
  8 rats
295 creatures vanquished.

Vanquished Creatures (others)
  An orc (D:10)
  3 fungi (Lair:1)
  5 plants
9 creatures vanquished.

Grand Total: 304 creatures vanquished

Notes
Turn   | Place    | Note
-------+----------+-------------------------------------------
     0 | D:1      | lunkers the Ghoul Fighter began the quest for the Orb.
     0 | D:1      | Reached XP level 1. HP: 19/19 MP: 0/0
    32 | D:1      | Reached XP level 2. HP: 17/26 MP: 1/1
   187 | D:1      | Reached skill level 3 in Unarmed Combat
   455 | D:1      | Reached XP level 3. HP: 33/33 MP: 2/2
   786 | D:2      | Found a burning altar of Makhleb.
   920 | D:2      | Found a stormy altar of Qazlal.
  1313 | D:3      | Reached skill level 4 in Unarmed Combat
  1313 | D:3      | Reached XP level 4. HP: 40/40 MP: 3/3
  1386 | D:3      | Found a shadowy altar of Dithmenos.
  1401 | D:3      | Found a glowing silver altar of Zin.
  1402 | D:3      | Found a snail-covered altar of Cheibriados.
  1402 | D:3      | Found a bloodstained altar of Trog.
  1403 | D:3      | Found an ornate altar of the Wu Jian Council.
  1405 | D:3      | Found a hide-covered altar of Uskayaw.
  1407 | D:3      | Found an opulent altar of Gozag.
  1447 | D:3      | Became a worshipper of the Wu Jian Council
  1562 | D:3      | Reached XP level 5. HP: 24/47 MP: 4/4
  1931 | D:3      | Reached skill level 5 in Unarmed Combat
  2010 | D:4      | Found Akuso's Antique Weapon Shoppe.
  2170 | D:4      | Noticed Ijyb
  2194 | D:4      | Killed Ijyb
  2281 | D:4      | Reached XP level 6. HP: 55/55 MP: 5/5
  2302 | D:4      | Reached * piety under Wu Jian
  2305 | D:4      | Reached skill level 5 in Fighting
  2562 | D:5      | Entered Level 5 of the Dungeon
  2656 | D:5      | Reached skill level 6 in Unarmed Combat
  2888 | D:5      | Reached XP level 7. HP: 61/61 MP: 6/6
  3076 | D:5      | Found a snail-covered altar of Cheibriados.
  3407 | D:5      | Found Gieheargh's Book Shoppe.
  3812 | D:6      | Found a staircase to the Ecumenical Temple.
  3832 | D:6      | Reached skill level 7 in Unarmed Combat
  4131 | D:6      | Found a broken altar of Ashenzari.
  4155 | D:6      | Reached ** piety under Wu Jian
  4334 | D:6      | Reached skill level 8 in Unarmed Combat
  4711 | D:7      | Reached XP level 8. HP: 67/71 MP: 7/7
  4839 | D:7      | Found Boutoutt's Gadget Shop.
  4998 | D:7      | Found an iron altar of Okawaru.
  5170 | D:8      | Found a shimmering altar of Xom.
  5175 | D:8      | Found a sparkling altar of Nemelex Xobeh.
  5219 | D:8      | Reached skill level 9 in Unarmed Combat
  5411 | D:8      | Noticed Pikel
  5461 | D:8      | Killed Pikel
  5462 | D:8      | Reached skill level 10 in Unarmed Combat
  5462 | D:8      | Reached XP level 9. HP: 63/81 MP: 8/8
  6051 | D:8      | Reached *** piety under Wu Jian
  6530 | D:9      | Reached skill level 11 in Unarmed Combat
  6739 | D:9      | Found Qimudiso's Jewellery Shoppe.
  6917 | D:9      | Reached skill level 12 in Unarmed Combat
  6922 | D:9      | Reached XP level 10. HP: 75/91 MP: 9/9
  6960 | D:9      | Reached **** piety under Wu Jian
  7013 | D:9      | Found a staircase to the Lair.
  7463 | D:9      | Reached skill level 13 in Unarmed Combat
  7495 | D:9      | Noticed Harold
  7509 | D:9      | Killed Harold
  7510 | D:9      | Reached skill level 10 in Fighting
  7907 | D:9      | Found a staircase to the Orcish Mines.
  8325 | D:10     | Entered Level 10 of the Dungeon
  8325 | D:10     | Noticed a centaur warrior
  8338 | D:10     | Killed a centaur warrior
  8339 | D:10     | Reached skill level 14 in Unarmed Combat
  8580 | D:10     | Reached XP level 11. HP: 91/101 MP: 10/10
  9475 | Lair:1   | Entered Level 1 of the Lair of Beasts
  9839 | Lair:1   | Reached skill level 15 in Unarmed Combat
  9896 | Lair:1   | Reached ***** piety under Wu Jian
 10429 | Lair:1   | You fall into a shaft and drop 1 floor!
 10429 | Lair:2   | Found a staircase to the Shoals.
 10430 | Lair:2   | Noticed a five-headed hydra
 10442 | Lair:2   | HP: 5/104 [black mamba (13)]
 10443 | Lair:2   | Mangled by a five-headed hydra

Illustrated notes

Levels and vault maps discovered:
D:1:      tarquinn_simple_flora_water_f, layout_loops_ring
D:2:      layout_basic, lemuel_crystal_altar, general_overflow_altar
D:3:      layout_basic, minitemple
D:4:      layout_rooms, serial_shops, shop, uniq_ijyb
D:5:      layout_layer_cave, basic_altar, serial_shops, shop_fountains
D:6:      layout_loops_cross, lemuel_crystal_altar, minmay_temple_entry_junction
D:7:      layout_basic, overflow_temple_1_default, serial_shops,
          nicolae_shop_trees
D:8:      corexii_shack_village, layout_basic, lemuel_crystal_altar,
          nemelex_spade_bored_becter, uniq_pikel
D:9:      minmay_four_partial_circles, layout_loops_corners, lair_entry_dummy,
          minmay_orc_entry_guard_dogs, serial_shops, kennysheep_mini_moat,
          minmay_misc_feat_tower, uniq_harold
D:10:     layout_roguey
Lair:1:   layout_cave_pods
Lair:2:   layout_long_grid, minmay_shoals_entry_centaurs, dummy_spider_entry,
          serial_rivers, chequers_serial_rivers_small_b,
          chequers_serial_rivers_small_a, chequers_serial_rivers_micro_e,
          chequers_serial_rivers_room_b, chequers_serial_rivers_room_b,
          gammafunk_ghost_split, pond

Skill      XL: |  1  2  3  4  5  6  7  8  9 10 11 |
---------------+----------------------------------+-----
Unarmed Combat | 3 4 5 6 8 10 12 14 15 | 15.6
Fighting       | 4 5 6 7 9 10 11 | 11.9
Armour         | |  2.6
Shields        | |  2.6

Action                   |  1- 3 |  4- 6 |  7- 9 | 10-12 || total
-------------------------+-------+-------+-------+-------++-------
Melee: Unarmed           |    96 |   227 |   293 |   313 ||   929
       Punch             |     1 |     3 |     9 |    17 ||    30
Invok: Lunge             |       |    14 |    23 |    18 ||    55
       Whirlwind         |       |       |       |     9 ||     9
  Use: Scroll            |       |       |     1 |     1 ||     2
       Potion            |       |       |       |     1 ||     1
Armor: Scale mail        |    42 |    89 |    19 |       ||   150
       Ring mail         |       |       |    77 |   101 ||   178
Dodge: Dodged            |    46 |    88 |   108 |   133 ||   375

Table legend: (Time is in decaauts)
 A = Elapsed time spent in this place.
 B = Non-inter-level travel time spent in this place.
 C = Inter-level travel time spent in this place.
 D = Time resting spent in this place.
 E = Time spent auto-exploring this place.
 F = Levels seen in this place.
 G = Mean time per level.
                   A        B        C        D        E       F      G
               +--------+--------+--------+--------+--------+-----+--------+
         Total |  10291 |  10012 |    279 |    934 |   7570 |  12 |  857.6 |
       Dungeon |   9345 |   9066 |    279 |    741 |   6940 |  10 |  934.5 |
          Lair |    945 |    945 |      0 |    193 |    630 |   2 |  472.5 |
               +--------+--------+--------+--------+--------+-----+--------+

Top non-repeatable levels by time:
     D:9: 1790 daAuts
     D:8: 1340 daAuts
     D:5: 1239 daAuts
    D:10: 1102 daAuts
  Lair:1: 934 daAuts
     D:6: 783 daAuts
     D:1: 771 daAuts
     D:3: 727 daAuts
     D:7: 551 daAuts
     D:4: 543 daAuts
     D:2: 497 daAuts
  Lair:2: 10 daAuts
